 Dungeon Sprint DCSS version 0.26-a0-649-gf8c6c3aab7 (webtiles) character file.

Game seed: 18035093536054724636

2 sahdkjhfkaj the Skirmisher (level 1, -8/34 HPs)
             Began as a Gnoll Wanderer on Sept 27, 2020.
             Mangled by a warg (11 damage)
             ... in the Dungeon (Sprint VII: "The Pits").
             The game lasted 00:00:19 (49 turns).

sahdkjhfkaj the Skirmisher (Gnoll Wanderer)           Turns: 49, Time: 00:00:20

Health: -8/34      AC:  2    Str: 17    XL:     1   Next: 30%
Magic:  1/1        EV: 11    Int: 12    God:
Gold:   0          SH:  0    Dex: 13    Spells: 1/1 levels left

rFire    . . .     SeeInvis .   a - +2 hand axe
rCold    . . .     Faith    .   (no shield)
rNeg     . . .     Spirit   .   e - +0 robe
rPois    .         Reflect  .   (no helmet)
rElec    .         Harm     .   (no cloak)
rCorr    .         Rampage  .   (no gloves)
MR       .....     NoTele   +   (no boots)
Stlth    ..........             (no amulet)
HPRegen  0.11/turn              (no ring)
MPRegen  0.07/turn              (no ring)

@: berserking, very quick
A: distributed training, fangs 1, strong nose
a: no special abilities


You were in the Dungeon.
You visited 1 branch

Inventory:

Hand Weapons
 a - a +2 hand axe (weapon)
 b - a +0 hand crossbow
Missiles
 c - 26 bolts
Armour
 e - a +0 robe (worn)
Scrolls
 j - a scroll of blinking
Potions
 d - 2 potions of curing
 g - a potion of haste
 h - 2 potions of magic


   Skills:
 + Level 6.5 Fighting
 + Level 0.5 Short Blades
 + Level 0.5 Long Blades
 + Level 4.5 Axes
 + Level 0.5 Maces & Flails
 + Level 0.5 Polearms
 + Level 0.5 Staves
 + Level 0.5 Slings
 + Level 0.5 Bows
 + Level 2.5 Crossbows
 + Level 0.5 Throwing
 + Level 4.5 Armour
 + Level 0.5 Dodging
 + Level 2.3 Stealth
 + Level 0.5 Shields
 + Level 0.5 Unarmed Combat
 + Level 0.5 Spellcasting
 + Level 0.3 Conjurations
 + Level 0.3 Hexes
 + Level 0.3 Summonings
 + Level 0.3 Necromancy
 + Level 0.3 Translocations
 + Level 0.3 Transmutations
 + Level 0.3 Fire Magic
 + Level 0.3 Ice Magic
 + Level 0.3 Air Magic
 + Level 0.3 Earth Magic
 + Level 0.3 Poison Magic
 + Level 0.6 Invocations
 + Level 2.5 Evocations


You had one spell level left.
You didn't know any spells.
Your spell library was empty.

Dungeon Overview and Level Annotations

Branches:
Dungeon (1/1)

Altars:


Innate Abilities, Weirdness & Mutations

Your experience applies equally to all skills.
You have very sharp teeth.
Your uncanny sense of smell can sniff out nearby items.


Message History

* * * LOW HITPOINT WARNING * * *
You feel much better. The necrophage barely misses you. The centaur hits you.
The warg bites you. The hobgoblin closely misses you.
Unknown command.
Unknown command.
Okay, then.
A red film seems to cover your vision as you go berserk!
You feel yourself moving faster!
You feel mighty! The centaur hits you. The necrophage hits you!
* * * LOW HITPOINT WARNING * * *
The warg completely misses you. The hobgoblin closely misses you.
The centaur hits you.
* * * LOW HITPOINT WARNING * * *
Unknown command.
You slash the centaur!
The centaur is moderately wounded.
You closely miss the warg. You hit the hobgoblin.
You hit the necrophage but do no damage.
The warg bites you!
You die...

#.#
#.....
#.#
#...<.
#.# ∆∆∆∆∆
#.....
#.# ∆∆∆∆∆
#.....
#'#######
#.....
#.......#
######
#r..#...#
#hc.# .#
∆∆ #@##.#
#gn.#.h
#...#...#
#.......+
#########


You could see a warg, a necrophage, a centaur, a hobgoblin and a rat.

Vanquished Creatures
  A leopard gecko (D)
1 creature vanquished.

Notes
Turn   | Place    | Note
-------+----------+-------------------------------------------
     0 | D        | sahdkjhfkaj the Gnoll Wanderer began the quest for the Orb.
     0 | D        | sahdkjhfkaj set off with the following items: a +2 hand
                  | axe, a +0 hand crossbow, 26 bolts, 2 potions of curing, a
                  | +0 robe, a potion of heal wounds, a potion of haste, 2
                  | potions of magic, a potion of berserk rage, a scroll of
                  | blinking
     0 | D        | Reached XP level 1. HP: 23/23 MP: 1/1
    39 | D        | Noticed a quasit
    40 | D        | Noticed a warg
    41 | D        | Noticed a centaur
    42 | D        | Noticed a necrophage
    49 | D        | Mangled by a warg

Illustrated notes

Levels and vault maps discovered:
D:        pitsprint [storerooms_1, entrance_room_1, metal_vault_5, armoury_2,
          mini_pit_1, grid_room_1, main_hall_1, silver_pit, the_coven_3,
          the_vestibule_1, steel_vault_2, golden_pit, hallway_of_sentries,
          crystal_vault_1, iron_vault_2, final_vault]

Action                   || total
-------------------------++-------
Melee: Hand axe          ||     4
  Use: Potion            ||     2
Armor: Robe              ||     2
Dodge: Dodged            ||    11

Table legend: (Time is in decaauts)
 A = Elapsed time spent in this place.
 B = Non-inter-level travel time spent in this place.
 C = Inter-level travel time spent in this place.
 D = Time resting spent in this place.
 E = Time spent auto-exploring this place.
 F = Levels seen in this place.
 G = Mean time per level.
                   A        B        C        D        E       F      G
               +--------+--------+--------+--------+--------+-----+--------+
         Total |     49 |     49 |      0 |      0 |      0 |   1 |   49.0 |
       Dungeon |     49 |     49 |      0 |      0 |      0 |   1 |   49.0 |
               +--------+--------+--------+--------+--------+-----+--------+

Top non-repeatable levels by time:
       D: 49 daAuts
